 Seeded DCSS version 0.30.0-19-g36f170ea60 (webtiles) character file.

Game seed: 6351066067085065685 (custom seed)

14078 Esekla the Thaumaturge (level 11, -6/63 HPs)
             Began as a Deep Elf Necromancer on May 25, 2023.
             Was an Elder of Vehumet.
             Mangled by a centaur warrior simulacrum (29 damage)
             ... on level 11 of the Dungeon on May 28, 2023.
             The game lasted 01:42:15 (14840 turns).

Esekla the Thaumaturge (Deep Elf Necromancer)      Turns: 14840, Time: 01:42:16

Health: -6/63      AC:  9    Str:  5    XL:     11   Next: 84%
Magic:  40/40      EV: 17    Int: 25    God:    Vehumet [****..]
Gold:   77         SH:  0    Dex: 18    Spells: 25/38 levels left

rFire   . . .        a - +5 rapier of the Hero {heavy, rN+ Dex+3}
rCold   . . .        (no shield)
rNeg    + . .        N - +0 steam dragon scales
rPois   .            M - +1 helmet
rElec   .            L - +0 cloak
rCorr   .            B - +0 pair of gloves
SInv    .            (no boots)
Will    +....        o - amulet of magic regeneration
Stlth   +++          p - ring of magical power
HPRegen 0.30/turn    S - ring of the Mage {Wiz Archmagi}
MPRegen 0.67/turn

%: wizardry (x1), archmagi
@: studying Fighting
A: no striking features
a: Renounce Religion


You were on level 11 of the Dungeon.
You worshipped Vehumet.
Vehumet was greatly pleased with you.
You visited 2 branches of the dungeon, and saw 12 of its levels.
You also visited: Bailey.

You collected 791 gold pieces.
You spent 714 gold pieces at shops.

Inventory:

Hand Weapons
 a - the +5 rapier of the Hero (weapon) {heavy, rN+ Dex+3}
   (You found it on level 3 of the Dungeon)

   Dex:       It affects your dexterity (+3).
   rN:        It protects you from negative energy.
 c - a +5 long sword
 e - a +1 dagger of electrocution
 r - a +4 trident of venom
 v - a +2 rapier of venom
 w - a +0 dagger of holy wrath
 C - a +5 scimitar
Missiles
 h - 5 boomerangs (quivered)
 u - 50 poisoned darts
 H - 7 throwing nets
 O - a curare-tipped dart
Armour
 B - a +0 pair of gloves (worn)
 I - a +0 buckler
 L - a +0 cloak (worn)
 M - a +1 helmet (worn)
 N - +0 steam dragon scales (worn)
Jewellery
 o - an amulet of magic regeneration (around neck)
 p - a ring of magical power (left hand)
 P - an amulet of reflection
 S - the ring of the Mage (right hand) {Wiz Archmagi}
   (You bought it in a shop on level 2 of the Dungeon)

   [ring of wizardry]

   It improves your spell success rate.
   Archmagi:  It increases the power of your magical spells.
Wands
 f - a wand of flame (8)
 s - a wand of roots (9)
 K - a wand of mindburst (5)
 Q - a wand of charming (6)
Scrolls
 k - a scroll of enchant armour {unknown}
 m - 4 scrolls of enchant weapon
 n - 2 scrolls of fog {unknown}
 t - a scroll of magic mapping {unknown}
 x - a scroll of vulnerability {unknown}
 y - 2 scrolls of acquirement
 A - a scroll of summoning {unknown}
 D - 3 scrolls of teleportation
 E - 2 scrolls of silence {unknown}
 F - 3 scrolls of blinking
 G - 2 scrolls of torment {unknown}
 J - 2 scrolls of poison {unknown}
 R - 3 scrolls of fear
 T - a scroll of immolation {unknown}
Potions
 b - a potion of magic
 d - 2 potions of ambrosia
 g - 6 potions of attraction
 i - 3 potions of haste
 j - a potion of cancellation
 l - 4 potions of curing
 q - 3 potions of brilliance
 z - 2 potions of mutation


   Skills:
 * Level 5.1 Fighting
 + Level 4.1 Short Blades
 + Level 1.2 Throwing
 * Level 8.9 Dodging
 + Level 4.7 Stealth
 * Level 14.4 Spellcasting
 * Level 4.5 Conjurations
 + Level 9.5 Necromancy
 * Level 5.8 Ice Magic
 + Level 4.9 Air Magic
 + Level 5.1 Poison Magic
 + Level 1.4 Evocations


You had 25 spell levels left.
You knew the following spells:

 Your Spells              Type           Power      Damage    Failure   Level
d - Vampiric Draining     Necr           78%        2d11      1%          3
r - Frozen Ramparts       Ice            100%       1d16      1%          3
v - Poisonous Vapours     Pois/Air       100%       N/A       1%          2
z - Freezing Cloud        Conj/Ice/Air   30%        6-21      1%          5

Your spell library contained the following spells:

 Spells                   Type           Power      Damage    Failure   Level
 Eringya's Noxious Bog    Tmut/Pois      23%        N/A       17%         6
 Necrotise                Necr           100%       1d9       1%          1
 Lesser Beckoning         Tloc           54%        N/A       1%          2
 Spider Form              Tmut/Pois      46%        N/A       1%          3
 Animate Dead             Necr           78%        N/A       1%          4
 Agony                    Necr           78%        N/A       1%          5
 Gell's Gravitas          Tloc           27%        N/A       4%          3
 Teleport Other           Tloc           27%        N/A       4%          3
 Cause Fear               Hex            13%        N/A       12%         4
 Summon Mana Viper        Hex/Summ       27%        N/A       32%         5


Dungeon Overview and Level Annotations

Branches:
Dungeon (11/15)            Temple (0/1) D:6             Orc (1/2) D:10
 Bailey (visited)
   Lair: D:8-11

Altars:
Dithmenos
Fedhas
Hepliaklqana
Nemelex Xobeh
Okawaru
Qazlal
Ru
Trog
Uskayaw
Vehumet
Zin
The Shining One

Shops:
D:2 =   D:4 (

Annotations:
D:8 4 transporters


Message History

The ice beast is almost dead.
The ice beast barely misses you.
The ice beast hits you but does no damage.
You barely miss the ice beast.
The ice beast is almost dead.
The ice beast closely misses you.
You hit the ice beast.
The ice beast is almost dead.
The ice beast hits you but does no damage.
The ice beast closely misses you.
You hit the ice beast.
You kill the ice beast!
Vehumet accepts your kill.
Your Throwing skill increases to level 1!
An ice beast comes into view.
Found a ring mail.
There is a stone staircase leading up here.
You impale the ice beast!!
The ice beast is severely wounded.
The ice beast barely misses you.
The ice beast hits you but does no damage.
You puncture the ice beast!
You kill the ice beast!
Vehumet accepts your kill.
A centaur warrior simulacrum comes into view.
Found an escape hatch in the floor.
There is an escape hatch in the floor here.
There is an escape hatch in the floor here.
You barely miss the centaur warrior simulacrum.
You punch the centaur warrior simulacrum, but do no damage.
The centaur warrior simulacrum hits you.
The centaur warrior simulacrum freezes you!
The centaur warrior simulacrum barely misses you.
The centaur warrior simulacrum hits you.
The centaur warrior simulacrum freezes you!
The centaur warrior simulacrum completely misses you.
The centaur warrior simulacrum attacks as you move away!
The centaur warrior simulacrum hits you!
The centaur warrior simulacrum freezes you!!
You die...

###########
#.........#
#.........#
#.........#
#.......<.## ##...
##..........# ..(..
#...........####..#
#...#########..)....#
.......
#....@####..#!..
.........#
#....Z.Z....##
...###...#
#.....>###...###. [.
..#.#
#................ .
... ##
#.....#####.####. #..
#.....# # #.....#
.......# .#######


You could see 2 centaur warrior simulacra.

Vanquished Creatures
  Harold (D:9)
  2 two-headed ogres
  Lodul (D:11)
  Pikel (D:6)
  3 orc knights
  2 cyclopes (D:9)
  Joseph (D:7)
  A gargoyle (D:10)
  A kobold demonologist (D:9)
  3 trolls
  8 yaks (D:10)
  A basilisk (D:11)
  2 wyverns
  Menkaure (D:7)
  2 steam dragons
  3 ice beasts
  A sky beast (D:6)
  12 orc warriors
  2 black bears
  7 ogres
  2 centaurs
  A phantom (D:7)
  Blork the orc (D:6)
  4 kobold brigands
  3 gnoll sergeants
  2 bullfrogs
  2 scorpions (D:5)
  8 wights
  15 killer bees
  2 howler monkeys (D:10)
  2 quasits (D:8)
  2 gnoll boudas
  6 hounds
  A jelly (D:6)
  Crazy Yiuf (D:7)
  6 orc priests
  5 iguanas
  A sleepcap (D:5)
  7 orc wizards
  26 gnolls
  9 adders
  3 shadow imps (D:8)
  6 white imps
  4 ufetubi
  A worm (D:4)
  2 dart slugs
  53 orcs
  6 ball pythons
  4 bats
  4 endoplasms
  9 goblins
  7 hobgoblins
  A quokka (D:1)
  4 frilled lizards
  21 kobolds
  A rat (D:2)
287 creatures vanquished.

Vanquished Creatures (others)
  An orc (D:8)
1 creature vanquished.

Grand Total: 288 creatures vanquished

Notes
Turn   | Place    | Note
-------+----------+-------------------------------------------
     0 | D:1      | Esekla the Deep Elf Necromancer began the quest for the
                  | Orb.
     0 | D:1      | Reached XP level 1. HP: 10/10 MP: 6/6
    81 | D:1      | Reached skill level 5 in Necromancy
   336 | D:1      | Reached XP level 2. HP: 8/13 MP: 8/8
   611 | D:3      | Found a stormy altar of Qazlal.
   613 | D:3      | Found a bloodstained altar of Trog.
   619 | D:3      | Found a hazy altar of Hepliaklqana.
   625 | D:3      | Reached XP level 3. HP: 11/19 MP: 9/9
   634 | D:3      | Learned a level 3 spell: Vampiric Draining
   760 | D:4      | Found a radiant altar of Vehumet.
   764 | D:4      | Became a worshipper of Vehumet
   786 | D:5      | Entered Level 5 of the Dungeon
   791 | D:5      | Reached XP level 4. HP: 21/24 MP: 3/11
   947 | D:5      | Reached XP level 5. HP: 28/28 MP: 9/12
  1010 | D:5      | Reached skill level 4 in Spellcasting
  1131 | D:5      | Noticed an ogre
  1185 | D:5      | Reached skill level 1 in Short Blades
  1187 | D:5      | Killed an ogre
  1188 | D:5      | Reached skill level 5 in Spellcasting
  1188 | D:5      | Reached XP level 6. HP: 8/33 MP: 7/15
  1374 | D:5      | Found a shadowy altar of Dithmenos.
  1450 | D:5      | Got the Parchment of the Lumpy Olives
  1639 | D:6      | Noticed an ice beast
  1817 | D:2      | Found Renulab's Jewellery Shop.
  1967 | D:2      | Reached skill level 6 in Spellcasting
  1967 | D:2      | Reached XP level 7. HP: 23/37 MP: 3/18
  2032 | D:1      | Reached * piety under Vehumet
  2032 | D:1      | Offered knowledge of Freeze by Vehumet.
  2665 | D:2      | Found a faded altar of an unknown god.
  2947 | D:3      | Identified the +5 rapier of the Hero {heavy, rN+ Dex+3}
  3383 | D:4      | Found Ponaysk's Antique Weapon Boutique.
  3876 | D:4      | Found an iron altar of Okawaru.
  3887 | D:4      | Found a glowing silver altar of Zin.
  3907 | D:4      | Found a glowing golden altar of the Shining One.
  4331 | D:5      | Reached skill level 1 in Fighting
  4524 | D:5      | Upgraded the game from 0.30.0-18-gc0e69614cb to
                  | 0.30.0-19-g36f170ea60
  4661 | D:6      | Offered knowledge of Poisonous Vapours by Vehumet.
  4670 | D:6      | Learned a level 2 spell: Poisonous Vapours
  4721 | D:6      | Reached skill level 7 in Spellcasting
  4887 | D:6      | Noticed Blork the orc
  4976 | D:4      | Reached ** piety under Vehumet
  5029 | D:4      | Reached skill level 1 in Poison Magic
  5073 | D:5      | Reached skill level 5 in Dodging
  5073 | D:5      | Reached XP level 8. HP: 43/43 MP: 21/21
  5112 | D:6      | Found a blossoming altar of Fedhas.
  5130 | D:6      | Reached skill level 1 in Air Magic
  5397 | D:6      | Found a staircase to the Ecumenical Temple.
  5413 | D:6      | Noticed Pikel
  5445 | D:6      | Killed Pikel
  5446 | D:6      | Reached skill level 8 in Spellcasting
  5651 | D:6      | Reached skill level 9 in Spellcasting
  5679 | D:6      | You fall into a shaft and drop 2 floors!
  5679 | D:8      | Found a transporter.
  5679 | D:8      | Found a transporter.
  5679 | D:8      | Found a transporter.
  5707 | D:8      | Found a transporter.
  5758 | D:8      | Noticed a two-headed ogre
  5760 | D:8      | HP: 1/43 [two-headed ogre/+0 giant club (31)]
  5768 | D:8      | Killed a two-headed ogre
  5769 | D:8      | Reached XP level 9. HP: 15/48 MP: 9/24
  5914 | D:8      | Found a hide-covered altar of Uskayaw.
  6021 | D:7      | HP: 2/48 [gnoll sergeant/+2 rapier of venom (10)]
  6400 | D:7      | Found a runed translucent door.
  6401 | D:7      | Noticed Crazy Yiuf
  6546 | D:6      | Killed Blork the orc
  6596 | D:6      | Reached skill level 10 in Spellcasting
  6790 | D:7      | Offered knowledge of Frozen Ramparts by Vehumet.
  6795 | D:7      | Learned a level 3 spell: Frozen Ramparts
  7182 | D:7      | Noticed Menkaure
  7341 | D:7      | Killed Menkaure
  7342 | D:7      | Reached skill level 1 in Ice Magic
  7503 | D:7      | Reached *** piety under Vehumet
  8368 | D:8      | Reached skill level 11 in Spellcasting
  8510 | D:8      | Offered knowledge of Hailstorm by Vehumet.
  8520 | D:7      | Noticed Joseph
  8726 | D:8      | Reached skill level 1 in Evocations
  8881 | D:9      | Found a flagged portal.
  8900 | D:9      | Reached **** piety under Vehumet
  8911 | Bailey   | Entered a bailey
  9034 | Bailey   | Reached XP level 10. HP: 42/53 MP: 22/27
  9387 | Bailey   | Identified the +2 bardiche of Puhoisos {heavy, rElec
                  | Stlth+}
  9390 | Bailey   | Noticed an orc knight
  9390 | Bailey   | Noticed an orc knight
  9512 | Bailey   | Offered knowledge of Freezing Cloud by Vehumet.
  9546 | Bailey   | Learned a level 5 spell: Freezing Cloud
  9702 | Bailey   | Killed an orc knight
  9842 | Bailey   | Killed an orc knight
  9843 | Bailey   | Reached skill level 12 in Spellcasting
  9843 | Bailey   | Reached skill level 1 in Conjurations
 10014 | D:9      | Noticed Harold
 10657 | D:9      | Noticed a cyclops
 10680 | D:9      | Killed a cyclops
 10925 | D:9      | Noticed a cyclops
 10957 | D:9      | Noticed a two-headed ogre
 10975 | D:9      | Killed a two-headed ogre
 11152 | D:9      | Found a sparkling altar of Nemelex Xobeh.
 11224 | D:9      | Killed Harold
 11225 | D:9      | Reached skill level 5 in Ice Magic
 11225 | D:9      | Reached XP level 11. HP: 57/60 MP: 29/29
 11691 | D:7      | Killed Joseph
 11692 | D:7      | Reached skill level 13 in Spellcasting
 11970 | D:7      | Killed Crazy Yiuf
 12586 | D:10     | Entered Level 10 of the Dungeon
 13079 | D:10     | Reached ***** piety under Vehumet
 13107 | D:10     | Found a sacrificial altar of Ru.
 13218 | D:10     | Offered knowledge of Eringya's Noxious Bog by Vehumet.
 13448 | D:10     | Found a staircase to the Orcish Mines.
 13822 | Orc:1    | Entered Level 1 of the Orcish Mines
 13836 | Orc:1    | Reached skill level 14 in Spellcasting
 13836 | Orc:1    | Reached skill level 5 in Poison Magic
 13907 | Orc:1    | Noticed an orc knight
 13916 | Orc:1    | Killed an orc knight
 14287 | D:2      | Bought the ring of the Mage {Wiz Archmagi} for 714 gold
                  | pieces
 14287 | D:2      | Found the ring of the Mage {Wiz Archmagi}
 14513 | D:11     | Noticed Lodul
 14522 | D:11     | Killed Lodul
 14523 | D:11     | Reached skill level 5 in Fighting
 14806 | D:11     | Reached skill level 1 in Throwing
 14840 | D:11     | Mangled by a centaur warrior simulacrum

Illustrated notes

Levels and vault maps discovered:
D:1:      sevenhm_arrival_forest_fort_small_3, layout_rooms,
          chequers_serial_rivers_room_b, minmay_misc_feat_five
D:2:      layout_loops_ring, dreamdust_ecumenical_altar_angels_and_demons,
          serial_shops, shop
D:3:      layout_basic, grunt_temple_overflow_open, minmay_misc_feat_iff
D:4:      layout_basic, nicolae_overflow_quartered_altars, serial_shops,
          nicolae_diamond_shop
D:5:      layout_loops_ring, lemuel_doored_altar, minmay_misc_feat_rows,
          dreamdust_wishing_well
D:6:      layout_loops_cross, fedhas_altar_fruit_tree,
          minmay_temple_entry_glass, uniq_pikel, uniq_blork_the_orc
D:7:      layout_basic, uniq_menkaure, uniq_joseph, uniq_crazy_yiuf_cottage
D:8:      layout_basic, nicolae_uskayaw_dance_hall, serial_demonic,
          serial_demonic_d, serial_demonic_a, serial_demonic_c,
          serial_demonic_c, nicolae_diode_quadrants
D:9:      layout_irregular_city, kennysheep_little_box, enter_bailey_4,
          minmay_between, uniq_harold
D:10:     layout_basic, nicolae_ru_awakened_eye
D:11:     layout_rooms, hellmonk_lair_entry_icy, serial_ice, serial_ice_j,
          serial_ice_m, serial_ice_o, serial_ice_c, serial_ice_g, serial_ice_f,
          guppyfry_shop_earth, uniq_psyche, uniq_lodul
Orc:1:    layout_caves

Skill      XL: |  1  2  3  4  5  6  7  8  9 10 11 |
---------------+----------------------------------+-----
Necromancy     | 5 6 7 8 9 |  9.5
Dodging        | 3 4 5 6 7 8 |  8.9
Stealth        | 3 4 |  4.7
Spellcasting   | 5 6 7 9 11 12 14 | 14.4
Short Blades   | 1 2 3 4 |  4.1
Fighting       | 1 2 3 5 |  5.1
Poison Magic   | 1 3 4 5 |  5.1
Air Magic      | 2 3 4 |  4.9
Ice Magic      | 3 5 |  5.8
Evocations     | 1 |  1.4
Conjurations   | 2 4 |  4.5
Throwing       | 1 |  1.2

Action                     |  1- 3 |  4- 6 |  7- 9 | 10-12 || total
---------------------------+-------+-------+-------+-------++-------
  Melee: Unarmed           |    10 |       |       |       ||    10
         Short sword       |     9 |       |       |       ||     9
         Dagger            |    26 |    59 |    62 |       ||   147
         Rapier            |       |       |   179 |    89 ||   268
         Punch             |       |       |     2 |     3 ||     5
  Throw: Dart              |       |       |     4 |       ||     4
         Boomerang         |       |       |       |    15 ||    15
   Cast: Vampiric Draining |     2 |    20 |    80 |    42 ||   144
         Poisonous Vapours |       |       |    29 |    71 ||   100
         Frozen Ramparts   |       |       |    18 |    32 ||    50
         Freezing Cloud    |       |       |       |     9 ||     9
  Evoke: Wand              |       |       |     9 |    19 ||    28
    Use: Scroll            |       |       |    12 |     5 ||    17
         Potion            |       |       |     7 |     4 ||    11
   Stab: Sleeping          |     3 |     3 |    10 |     6 ||    22
         Distracted        |       |       |     2 |     1 ||     3
 Armour: Robe              |     6 |     8 |    46 |     6 ||    66
         Skin              |       |       |     2 |     3 ||     5
         Steam dragon scal |       |       |       |    19 ||    19
  Dodge: Dodged            |    23 |    52 |   290 |   118 ||   483
